 Dungeon Sprint DCSS version 0.23.0-38-g208d714 (webtiles) character file.

Game seed: 5692732309179300948

2856 Fang the Fighter (level 9, -24/66 HPs)
             Began as a Gargoyle Berserker on Feb 27, 2019.
             Was the Champion of Trog.
             Annihilated by a phantasmal warrior (25 damage)
             ... in the Dungeon (Sprint VII: "The Pits").
             The game lasted 00:02:23 (1434 turns).

Fang the Fighter (Gargoyle Berserker)               Turns: 1434, Time: 00:02:23

Health: -24/66     AC: 24    Str: 27    XL:     9   Next: 75%
Magic:  9/9        EV: 11    Int: 11    God:    Trog [******]
Gold:   0          SH:  0    Dex:  9    Spells: 8/8 levels left

rFire    . . .     SeeInvis .   b - +2 executioner's axe (venom)
rCold    . . .     Gourm    .   (shield currently unavailable)
rNeg     + . .     Faith    .   t - +3 plate armour
rPois    ∞         Spirit   .   (no helmet)
rElec    +         Reflect  .   (no cloak)
rCorr    .         Harm     .   (no gloves)
MR       .....     NoTele   +   (no boots)
Stlth    ..........             (no amulet)
HPRegen  0.21/turn              o - +3 ring of intelligence
MPRegen  0.11/turn              q - +3 ring of strength

@: berserk cooldown, starving, slowed, very slow
A: negative energy resistance 1, electricity resistance, unbreathing,
petrification resistance, rot immunity, AC +6
a: Berserk, Trog's Hand, Brothers in Arms, Renounce Religion


You were in the Dungeon.
You worshipped Trog.
Trog was exalted by your worship.
You were starving.

You visited 1 branch

Inventory:

Hand Weapons
 b - a +2 executioner's axe of venom (weapon)
 m - a +0 hand axe of freezing
 n - a +2 antimagic war axe
 s - a +1 broad axe of chopping
Armour
 t - a +3 plate armour (worn)
Jewellery
 o - a +3 ring of intelligence (left hand)
 q - a +3 ring of strength (right hand)
Scrolls
 i - a scroll of blinking
 k - 3 scrolls of remove curse
 l - a scroll of summoning
Potions
 a - 2 potions of invisibility
 d - 7 potions of curing
 e - 8 potions of heal wounds
 f - a potion of haste
 g - 4 potions of magic
 h - 7 potions of berserk rage
 r - a potion of brilliance
Comestibles
 c - 9 rations


   Skills:
 + Level 12.3 Fighting
 + Level 10.5 Axes
 + Level 12.1 Armour
 + Level 9.5 Dodging


You had 8 spell levels left.
You didn't know any spells.
Your spell library was empty.

Dungeon Overview and Level Annotations

Branches:
Dungeon (1/1)

Altars:


Innate Abilities, Weirdness & Mutations

You are resistant to torment.
Your stone body is resilient. (AC +6)
You are immune to poison.
You resist negative energy. (rN+)
You are resistant to electric shocks. (rElec)
You can survive without breathing.
You are immune to petrification.
You are immune to rotting.


Message History

You miss something. Something hits you.
* * * LOW HITPOINT WARNING * * *
You slash the phantasmal warrior!
The phantasmal warrior is heavily damaged.
Something hits you but does no damage. The phantasmal warrior misses you.
Something barely misses you.
You closely miss the phantasmal warrior.
The phantasmal warrior is heavily damaged.
You closely miss something. Something hits you but does no damage.
The phantasmal warrior hits you!
* * * LOW HITPOINT WARNING * * *
You barely miss the phantasmal warrior.
The phantasmal warrior is heavily damaged.
You miss something.
You are no longer berserk.
Trog's vigour flows through your veins.
You are exhausted.
You feel yourself slow down. Something hits you but does no damage.
The phantasmal warrior hits you!!
You die...

####.......##......#
).##...<...###....##
..##.......# ##''##
..##.......###....##
####.......##......#
.. ##########......+
.############......#
)#....#..[[###....##
[#....#..[[# ##W@##
.'....'..).# #....#
'#....#.!))##......#
.#....#..))##......#
####################


You could see a phantasmal warrior.

Vanquished Creatures
  A lindwurm (D)
  A manticore (D)
  A komodo dragon (D)
  A demonic crawler (D)
  2 fire bats (D)
  4 vampire mosquitoes (D)
  2 floating eyes (D)
  An orc warrior (D)
  2 ogres (D)
  A centaur (D)
  A wolf (D)
  An orc priest (D)
  An orc wizard (D)
  A worker ant (D)
  A mummy (D)
  3 gnolls (D)
  2 ufetubi (D)
  An ooze (D)
  3 orcs (D)
  A giant cockroach (D)
  A goblin (D)
  A kobold (D)
  A rat (D)
34 creatures vanquished.

Vanquished Creatures (collateral kills)
  A gnoll sergeant (D)
  3 gnolls (D)
4 creatures vanquished.

Grand Total: 38 creatures vanquished

Notes
Turn   | Place    | Note
-------+----------+-------------------------------------------
     0 | D        | Fang the Gargoyle Berserker began the quest for the Orb.
     0 | D        | Reached XP level 1. HP: 14/14 MP: 1/1
    67 | D        | Reached ** piety under Trog
    67 | D        | Reached XP level 2. HP: 17/20 MP: 2/2
   109 | D        | Noticed a floating eye
   116 | D        | Paralysed by a floating eye for 2 turns
   118 | D        | Killed a floating eye
   118 | D        | Reached skill level 5 in Fighting
   118 | D        | Reached skill level 5 in Armour
   118 | D        | Reached XP level 3. HP: 15/27 MP: 3/3
   118 | D        | Reached XP level 4. HP: 18/32 MP: 4/4
   120 | D        | Reached skill level 5 in Axes
   264 | D        | Reached XP level 5. HP: 36/36 MP: 5/5
   266 | D        | Reached *** piety under Trog
   484 | D        | Noticed a centaur
   484 | D        | Noticed an orc warrior
   485 | D        | Noticed an ogre
   493 | D        | Reached **** piety under Trog
   499 | D        | Killed an orc warrior
   499 | D        | Reached skill level 5 in Dodging
   499 | D        | Reached XP level 6. HP: 44/44 MP: 6/6
   504 | D        | Received a gift from Trog
   508 | D        | Reached ***** piety under Trog
   530 | D        | Reached XP level 7. HP: 9/50 MP: 7/7
   799 | D        | Noticed a fire bat
   814 | D        | Killed a fire bat
   973 | D        | Received a gift from Trog
   983 | D        | Noticed a fire bat
   983 | D        | Noticed a manticore
   983 | D        | Noticed a lindwurm
   987 | D        | Killed a fire bat
   987 | D        | Reached skill level 10 in Fighting
   987 | D        | Reached XP level 8. HP: 57/57 MP: 2/8
   992 | D        | Killed a lindwurm
   992 | D        | Reached skill level 10 in Armour
   999 | D        | Killed a manticore
   999 | D        | Reached XP level 9. HP: 60/64 MP: 3/9
  1217 | D        | Noticed a demonic crawler
  1231 | D        | Reached ****** piety under Trog
  1232 | D        | Killed a demonic crawler
  1232 | D        | Reached skill level 10 in Axes
  1232 | D        | Received a gift from Trog
  1422 | D        | Noticed a phantasmal warrior
  1422 | D        | Noticed a komodo dragon
  1428 | D        | Killed a komodo dragon
  1433 | D        | HP: 2/99 [phantasmal warrior (15)]
  1434 | D        | Annihilated by a phantasmal warrior

Skill      XL: |  1  2  3  4  5  6  7  8  9 |
---------------+----------------------------+-----
Axes           | 3 4 5 6 7 8 9 10 | 10.5
Dodging        | 2 4 5 6 7 8 9 |  9.5
Armour         | 3 5 6 8 9 11 12 | 12.1
Fighting       | 5 6 7 8 10 11 12 | 12.3

Action                   |  1- 3 |  4- 6 |  7- 9 || total
-------------------------+-------+-------+-------++-------
Melee: Hand axe          |    11 |    40 |    23 ||    74
       War axe           |       |       |    31 ||    31
       Executioner's axe |       |       |    10 ||    10
Invok: Berserk           |       |     2 |     3 ||     5
       Brothers in Arms  |       |     1 |       ||     1
  Eat: Chunk             |       |       |     4 ||     4
Armor: Animal skin       |     6 |     3 |       ||     9
       Chain mail        |       |    67 |       ||    67
       Plate armour      |       |       |    80 ||    80
Dodge: Dodged            |    17 |    43 |    53 ||   113
